 Dungeon Crawl Stone Soup version 0.18.1-6-gd335043 (webtiles) character file.

8834 dysrexia the Fighter (level 11, -1/92 HPs)
             Began as a Human Monk on May 17, 2016.
             Was an Elder of Makhleb.
             Succumbed to a black mamba's poison
             ... on level 3 of the Lair of Beasts.
             The game lasted 00:55:27 (13104 turns).

dysrexia the Fighter (Human Monk)                  Turns: 13104, Time: 00:55:28

Health: -1/92      AC: 14    Str: 14    XL:     11   Next: 63%
Magic:  2/17       EV: 14    Int: 10    God:    Makhleb [****..]
Gold:   269        SH:  0    Dex: 17    Spells: 2 memorised, 5 levels left

rFire  . . .     SeeInvis .       - Unarmed
rCold  . . .     Gourm    .     r - +0 ring mail
rNeg   + . .     Faith    .     (no shield)
rPois  .         Spirit   +     z - +2 helmet
rElec  .         Dismiss  .     w - +1 cloak
rCorr  +         Reflect  .     H - +2 pair of gloves
SustAt .         Harm     .     (no boots)
MR     .....                    l - amulet of guardian spirit
Stlth  ++........               G - ring of positive energy
                                B - ring of resist corrosion

@: lethally poisoned (-1 -> -16), very slightly contaminated, drained, not
resistant to hostile enchantments, unstealthy
A: no striking features
a: Minor Destruction, Lesser Servant of Makhleb, Major Destruction, Renounce
Religion


You were on level 3 of the Lair of Beasts.
You worshipped Makhleb.
Makhleb was greatly pleased with you.
You were hungry.

You visited 2 branches of the dungeon, and saw 11 of its levels.

You collected 588 gold pieces.
You spent 319 gold pieces at shops.

Inventory:

Missiles
 f - 85 stones (quivered)
 j - 23 poisoned needles
Armour
 a - a +0 robe
 g - a +0 chain mail
 r - a +0 ring mail (worn)
 w - a +1 cloak (worn)
 z - a +2 helmet (worn)
 H - a +2 pair of gloves (worn)
Jewellery
 k - an uncursed amulet of harm {unknown}
 l - an amulet of guardian spirit (around neck)
 p - an uncursed ring of ice
 B - a ring of resist corrosion (left hand)
 G - a ring of positive energy (right hand)
 V - a +3 ring of slaying {unknown}
Wands
 c - a wand of polymorph (9/24)
 e - a wand of flame (30/48)
 t - a wand of lightning (5/15)
 v - a wand of slowing (19/48)
 I - a wand of heal wounds (4/9)
 J - a wand of digging (4/24)
 L - a wand of digging (17/24)
 O - a wand of polymorph (17/24)
 P - a wand of hasting (2/9)
 S - a wand of disintegration (12/24)
 T - a wand of acid (8/15)
Scrolls
 i - 3 scrolls of identify
 o - 3 scrolls of enchant weapon
 u - a scroll of teleportation
 x - a scroll of recharging
 y - 3 scrolls of blinking
 A - 2 scrolls of immolation
 D - 3 scrolls of amnesia
 K - 2 scrolls of remove curse
 N - 2 scrolls of magic mapping
Potions
 d - 2 potions of brilliance
 n - 2 potions of invisibility
 q - 2 potions of might
 s - 4 potions of haste
 E - 3 potions of flight
 F - a potion of resistance {unknown}
Books
 h - a book of Battle

   Spells                             Type                      Level
   a - Infusion                       Charms                       1
   b - Shroud of Golubria             Charms/Translocation         2
   c - Song of Slaying                Charms                       2
   d - Spectral Weapon                Hexes/Charms                 3
   e - Regeneration                   Charms/Necromancy            3
 M - a book of Necromancy

   Spells                             Type                      Level
   a - Pain                           Necromancy                   1
   b - Animate Skeleton               Necromancy                   1
   c - Vampiric Draining              Necromancy                   3
   d - Regeneration                   Charms/Necromancy            3
   e - Animate Dead                   Necromancy                   4
   f - Control Undead                 Necromancy                   4
 Q - a book of Summonings

   Spells                             Type                      Level
   a - Recall                         Summoning/Translocation      3
   b - Aura of Abjuration             Summoning                    5
   c - Summon Demon                   Summoning                    5
   d - Summon Forest                  Summoning/Translocation      5
   e - Summon Mana Viper              Hexes/Summoning              5
   f - Shadow Creatures               Summoning                    6
Comestibles
 b - 9 bread rations
 m - 7 meat rations
 C - 2 fruits
 U - 2 chunks of flesh


   Skills:
 - Level 10.3(10.0) Fighting
 + Level 5.1(4.9) Armour
 + Level 6.6(6.4) Dodging
 - Level 2.0(1.8) Stealth
 * Level 9.6(9.3) Unarmed Combat
 + Level 9.1(8.9) Invocations


You had 5 spell levels left.
You knew the following spells:

 Your Spells              Type           Power        Failure   Level  Hunger
a - Regeneration          Chrm/Necr      #.........   99%         3    ####...
b - Shroud of Golubria    Chrm/Tloc      #.........   91%         2    ###....


Dungeon Overview and Level Annotations

Branches:
Dungeon (8/15)             Temple (0/1) D:7            Lair (3/8) D:8
  Swamp: Lair:3-6    Shoals: Lair:3-6     Snake: Lair:3-6    Spider: Lair:3-6

Altars:
Ashenzari
Fedhas
Gozag
Makhleb
Okawaru
Qazlal
Sif Muna
Trog
Vehumet
Xom
Yredelemnul
Zin

Shops:
D:5 *   D:7 [?(=

Annotations:
D:4 epen's ghost, novice MfBe
D:6 exclusions: oklob plant and statue
D:7 Menkaure
Lair:2 Nergalle


Message History

Okay, then.
Evoke which item? (* to show all) (? for menu, Esc to quit)
Okay, then.
Drink which item? (? for menu, Esc to quit)
Okay, then.
You don't have enough health at the moment.
You don't have enough health at the moment.
You don't have enough health at the moment.
Read which item? (? for menu, Esc to quit)
Blink to where?
Press: ? - help, Dir - move target cursor, p - black mamba You are very lightly contaminated with residual magic.
As you read the scroll of blinking, it crumbles to dust.
* * * LOW HITPOINT WARNING * * *
You feel sick.
Read which item? (? for menu, Esc to quit)
Charge which item? (? for menu, Esc to quit)
As you read the scroll of recharging, it crumbles to dust.
Your wand of heal wounds (0/9) glows for a moment and now has 4 charges.
You die...

......##?##......# #####..##
.....####ยง........P.
####.###
......##..S..........#.#..#.#
.....###................#..##
....## #..........###......#
.[### #...........###.....#
### #..............###P.## .#
#P.............# #P..## ##
#.........@....# #....# # .#
##..............# ###.###..
.# #............### ##....#..
.## #...........#.# #....#...
#.# ##......##.## # ####.....
#.## #.#### #. ####.....
#..### # ####. #........
#....# ###.#.## ##..)....
.....## #......### ##......


You could see a black mamba.

Vanquished Creatures
  Erolcha (D:8)
  A hydra (Lair:2)
  A black mamba (Lair:1)
  Joseph (Lair:1)
  3 spiny frogs
  A polar bear (Lair:3)
  Grinder (D:5)
  A basilisk (Lair:1)
  3 hippogriffs
  2 hell hounds (D:8)
  3 water moccasins
  6 porcupines
  3 orc warriors
  A black bear (D:6)
  2 sky beasts
  A necrophage (D:7)
  2 phantoms
  3 ogres
  2 centaurs
  7 crocodiles
  A big kobold (D:7)
  4 giant frogs
  3 scorpions
  6 killer bees (D:8)
  2 electric eels (Lair:3)
  2 howler monkeys
  2 crimson imps
  2 quasits (D:7)
  3 hounds
  A jelly (D:6)
  2 orc priests
  3 orc wizards (D:8)
  Jessica (D:2)
  A centaur skeleton (D:4)
  Natasha (thrice) (D:2)
  5 iguanas
  6 worker ants
  Terence (D:2)
  4 sheep (Lair:2)
  2 hound skeletons
  A howler monkey skeleton (D:5)
  10 adders
  28 river rats
  An adder zombie (D:6)
  3 adder skeletons
  4 dart slugs
  4 giant geckos
  27 orcs
  8 bats
  4 giant cockroaches
  8 goblins
  10 hobgoblins
  5 jackals (D:2)
  5 quokkas
  2 ball pythons
  A giant gecko skeleton (D:4)
  6 giant newts
  11 kobolds
  5 rats
  A butterfly (D:7)
243 creatures vanquished.

Vanquished Creatures (collateral kills)
  An orc warrior (D:6)
  A crocodile (Lair:1)
  An iguana (Lair:1)
  A river rat (Lair:1)
4 creatures vanquished.

Vanquished Creatures (others)
  11 fungi
  A plant (D:6)
12 creatures vanquished.

Grand Total: 259 creatures vanquished

Notes
Turn   | Place    | Note
--------------------------------------------------------------
     0 | D:1      | dysrexia the Human Monk began the quest for the Orb.
     0 | D:1      | Reached XP level 1. HP: 18/18 MP: 1/1
    80 | D:1      | Reached XP level 2. HP: 17/24 MP: 2/2
   587 | D:1      | Reached XP level 3. HP: 23/29 MP: 3/3
   942 | D:2      | Reached skill level 5 in Unarmed Combat
   999 | D:2      | Noticed Terence
  1249 | D:2      | Noticed Natasha
  1260 | D:2      | Killed Natasha
  1260 | D:2      | Reached XP level 4. HP: 20/35 MP: 4/4
  1375 | D:2      | Killed Terence
  1656 | D:2      | Reached XP level 5. HP: 37/41 MP: 5/5
  2064 | D:2      | Noticed Natasha
  2083 | D:2      | Killed Natasha
  2365 | D:2      | Noticed Jessica
  2373 | D:2      | Killed Jessica
  2387 | D:2      | Found a burning altar of Makhleb.
  2408 | D:2      | Became a worshipper of Makhleb the Destroyer
  2408 | D:2      | Reached * piety under Makhleb
  2408 | D:2      | Reached ** piety under Makhleb
  2431 | D:2      | Noticed Natasha
  2440 | D:2      | Killed Natasha
  2440 | D:2      | Reached XP level 6. HP: 31/48 MP: 6/6
  2569 | D:2      | Reached skill level 4 in Fighting
  2777 | D:3      | Found a bloodstained altar of Trog.
  3365 | D:4      | Reached skill level 1 in Invocations
  3444 | D:4      | Reached skill level 5 in Fighting
  3444 | D:4      | Reached XP level 7. HP: 55/56 MP: 3/8
  3536 | D:4      | Found a deep blue altar of Sif Muna.
  3605 | D:4      | Noticed epen's ghost (novice MfBe)
  3743 | D:4      | Reached *** piety under Makhleb
  3928 | D:5      | Entered Level 5 of the Dungeon
  3928 | D:5      | Found Tougit's Tempting Trifles.
  3939 | D:5      | Bought a scroll of teleportation for 33 gold pieces
  4037 | D:5      | Found an opulent altar of Gozag.
  4043 | D:5      | Noticed Grinder
  4058 | D:5      | Paralysed by Grinder for 5 turns
  4067 | D:5      | Killed Grinder
  4067 | D:5      | Reached skill level 6 in Fighting
  4067 | D:5      | Reached XP level 8. HP: 65/65 MP: 10/10
  4080 | D:5      | Reached skill level 7 in Fighting
  4132 | D:5      | Found a glowing silver altar of Zin.
  4600 | D:6      | Reached skill level 8 in Fighting
  5075 | D:6      | Reached skill level 5 in Invocations
  5075 | D:6      | Reached XP level 9. HP: 64/75 MP: 8/12
  5454 | D:6      | Reached **** piety under Makhleb
  5488 | D:6      | Found a stormy altar of Qazlal.
  5549 | D:6      | Reached skill level 9 in Fighting
  5562 | D:6      | Found a radiant altar of Vehumet.
  5617 | D:6      | Found a blossoming altar of Fedhas.
  5673 | D:6      | Noticed an oklob plant
  5858 | D:7      | Found Illug's Armour Emporium.
  5868 | D:7      | Bought a +2 pair of gloves for 247 gold pieces
  5964 | D:7      | Found an iron altar of Okawaru.
  6098 | D:7      | Found Fuadghuo's Jewellery Shoppe.
  6219 | D:7      | Found Keojeirgh's Magic Scroll Shop.
  6225 | D:7      | Bought a scroll of remove curse for 39 gold pieces
  6226 | D:7      | Found a shimmering altar of Xom.
  6270 | D:7      | Found a shattered altar of Ashenzari.
  6278 | D:7      | Noticed Menkaure
  6514 | D:7      | Found Kiuffodu's Antique Weapon Boutique.
  6696 | D:7      | Found a staircase to the Ecumenical Temple.
  6706 | D:7      | Learned a level 3 spell: Regeneration
  6739 | D:7      | Reached skill level 10 in Fighting
  7583 | D:8      | Reached XP level 10. HP: 57/86 MP: 10/15
  7663 | D:8      | Found a staircase to the Lair.
  7705 | D:8      | Reached skill level 1 in Armour
  7912 | D:8      | Found a basalt altar of Yredelemnul.
  8313 | D:8      | Learned a level 2 spell: Shroud of Golubria
  8756 | D:8      | Noticed Erolcha
  8770 | D:8      | Killed Erolcha
  8842 | Lair:1   | Entered Level 1 of the Lair of Beasts
  9028 | Lair:1   | Reached skill level 5 in Dodging
  9163 | Lair:1   | Noticed Joseph
  9234 | Lair:1   | Noticed a spiny frog
  9408 | Lair:1   | Killed a spiny frog
  9843 | Lair:1   | Killed Joseph
 10197 | Lair:1   | Reached XP level 11. HP: 92/92 MP: 17/17
 10607 | Lair:2   | Identified a scroll of acquirement
 10636 | Lair:2   | Noticed Nergalle
 10727 | Lair:2   | Noticed a spectral orc warlord
 10777 | Lair:1   | HP: 4/92 [black mamba (2)]
 10926 | Lair:1   | Noticed an eight-headed hydra
 11398 | Lair:2   | Noticed a five-headed hydra
 11437 | Lair:2   | Killed a five-headed hydra
 12854 | Lair:3   | Reached skill level 5 in Armour
 13102 | Lair:3   | HP: 3/92 [black mamba (6)]
 13103 | Lair:3   | HP: 1/92 [poisoned by a black mamba]
 13104 | Lair:3   | Succumbed to a black mamba's poison

Skill      XL: |  1  2  3  4  5  6  7  8  9 10 11 |
---------------+----------------------------------+-----
Unarmed Combat | 5 6 8 9 |  9.6
Fighting       | 5 6 8 10 | 10.3
Invocations    | 1 3 5 6 8 9 |  9.1
Armour         | 3 5 |  5.1
Dodging        | 5 6 |  6.6
Stealth        | |  2.0

Action                   |  1- 3 |  4- 6 |  7- 9 | 10-12 || total
-------------------------+-------+-------+-------+-------++-------
Melee: Unarmed           |    86 |   192 |   523 |   752 ||  1553
       Punch             |     1 |     3 |    14 |    41 ||    59
Throw: Stone             |     5 |     1 |     2 |       ||     8
Invok: Lesser Servant of |       |       |     2 |     9 ||    11
       Major Destruction |       |       |     3 |     5 ||     8
Evoke: Wand              |       |       |       |     6 ||     6
  Use: Potion            |       |     6 |     5 |     6 ||    17
       Scroll            |       |    10 |     4 |     9 ||    23
 Stab: Sleeping          |     3 |     3 |       |       ||     6
  Eat: Chunk             |     1 |     8 |     9 |    13 ||    31
       Pizza             |       |       |     2 |       ||     2
       Beef jerky        |       |       |     2 |       ||     2
       Fruit             |       |       |       |     7 ||     7
Armor: Robe              |    12 |       |       |       ||    12
       Ring mail         |    12 |    50 |   220 |   322 ||   604
       Skin              |       |       |    74 |       ||    74
Dodge: Dodged            |    64 |    99 |   342 |   607 ||  1112
